 Dungeon Crawl Stone Soup version 0.19.1 (webtiles) character file.

3307 Nakatomy the Archer (level 9, -3/117 HPs)
             Began as a Centaur Hunter on Dec 25, 2016.
             Was a Believer of Trog.
             Slain by a wolf (4 damage)
             ... led by Grum
             ... on level 7 of the Dungeon.
             The game lasted 00:28:04 (13450 turns).

Nakatomy the Archer (Centaur Hunter)               Turns: 13450, Time: 00:28:04

Health: -3/117     AC: 24    Str: 15    XL:     9   Next: 70%
Magic:  18/18      EV:  1    Int: 10    God:    Trog [**....]
Gold:   343        SH:  0    Dex: 15    Spells: 0 memorised, 8 levels left

rFire  . . .     SeeInvis .     a - +0 trident
rCold  . . .     Gourm    .     (armour currently unavailable)
rNeg   + + +     Faith    .     (no shield)
rPois  +         Spirit   .     (helmet currently unavailable)
rElec  .         Reflect  .     (cloak currently unavailable)
rCorr  .         Harm     .     (gloves currently unavailable)
MR     .....     NoTele   +     (no barding)
Stlth  ++........               (no amulet)
                                g - +2 ring of dexterity
                                h - ring of magical power

@: tree-form, very slightly contaminated, hasted, very quick
A: (hooves 0), (deformed body), (speed 0), (tough skin 0)
a: Berserk, Trog's Hand, Burn Spellbooks, Renounce Religion


You were on level 7 of the Dungeon.
You worshipped Trog.
Trog was pleased with you.
You were very hungry.
You were a tree.
You visited 1 branch of the dungeon, and saw 8 of its levels.

You collected 343 gold pieces.

Inventory:

Hand Weapons
 a - a +0 trident (weapon)
 b - a +1 shortbow
 v - a +0 halberd
Missiles
 d - 101 arrows
Armour
 c - a +0 leather armour (melded)
 m - a +1 pair of gloves (melded)
 A - a +0 helmet (melded)
 C - a +0 cloak (melded)
Jewellery
 g - a +2 ring of dexterity (right branch)
 h - a ring of magical power (left branch)
 t - an uncursed ring of positive energy {unknown}
Wands
 s - a wand of slowing (32/48)
 y - a wand of polymorph (24/24)
 B - a wand of heal wounds (3/9)
 D - a wand of flame (17/48)
Scrolls
 i - 2 scrolls of teleportation {unknown}
 l - 2 scrolls of amnesia {unknown}
 p - a scroll of magic mapping {unknown}
 q - a scroll of remove curse
 r - a scroll of recharging
 J - a scroll of identify
Potions
 k - 2 potions of lignification
 o - a potion of might {unknown}
 w - a potion of cancellation {unknown}
 z - 2 potions of curing {unknown}
 E - a potion of invisibility {unknown}
 F - a potion of mutation {unknown}
 G - a potion of brilliance {unknown}
 H - a potion of agility {unknown}
Comestibles
 f - 7 bread rations
 j - 34 fruits
 u - 4 meat rations
 x - a beef jerky


   Skills:
 + Level 6.4 Fighting
 + Level 5.8 Polearms
 * Level 13.9 Bows
 - Level 1.3 Dodging
 - Level 0.4 Stealth


You had 8 spell levels left.
You didn't know any spells.

Dungeon Overview and Level Annotations

Branches:
Dungeon (8/15)             Temple (0/1) D:6
   Lair: D:8-11

Altars:
Elyvilon
Gozag
Hepliaklqana
Makhleb
Nemelex Xobeh
Okawaru
Ru
Trog
Vehumet
Xom
Yredelemnul
The Shining One

Annotations:
D:3 M4edhros's ghost, amateur OpNe
D:8 Grum


Innate Abilities, Weirdness & Mutations

((You have hooves in place of feet.))
((Armour fits poorly on your strangely shaped body.))
((You cover ground very quickly.))
((You have extremely tough skin. (AC +3)))


Message History

You barely miss the wolf.
The wolf is moderately wounded.
The wolf bites you but does no damage.
You puncture the wolf!
The wolf is severely wounded.
The wolf bites you but does no damage.
You hit the wolf.
The wolf is severely wounded.
The wolf bites you but does no damage.
You hit the wolf.
The wolf is almost dead.
The wolf bites you but does no damage. x2
You hit the wolf but do no damage.
The wolf is almost dead.
The wolf bites you.
* * * LOW HITPOINT WARNING * * *
You hit the wolf.
The wolf is almost dead.
The wolf bites you.
You die...

.##.# #....# .##(#
#...)# ....#
#....#
##########....#
..........#+###
.########.#.# .#
#.#.#
.########.#.######
...............h♣#
.##.#####.########
..#.# #.# ....#
#.# ..### #.###
..# ###...# ..#
#.'...# .###
#.#...# ...#
#.#...#


You could see a wolf.

Vanquished Creatures
  A two-headed ogre (D:6)
  A hippogriff (D:7)
  A hungry ghost (D:8)
  2 sky beasts
  A phantom (D:6)
  3 wolves (D:8)
  6 ogres
  A centaur (D:6)
  3 bullfrogs
  2 big kobolds (D:8)
  A scorpion (D:6)
  A howler monkey (D:6)
  3 crimson imps
  2 bullfrog zombies
  6 hounds
  3 centaur zombies
  2 jellies (D:6)
  3 orc priests
  2 centaur skeletons (D:6)
  3 iguanas
  5 orc wizards
  8 worker ants
  A howler monkey zombie (D:6)
  14 adders
  A howler monkey skeleton (D:5)
  An ooze (D:1)
  An adder skeleton (D:7)
  2 adder zombies (D:5)
  A dart slug (D:1)
  5 leopard geckos
  27 orcs
  A ball python (D:2)
  7 bats
  6 giant cockroaches
  3 goblins (D:3)
  7 hobgoblins
  3 quokkas
  5 frilled lizards
  7 kobolds
  A leopard gecko skeleton (D:4)
  A quokka skeleton (D:6)
  A quokka zombie (D:3)
  8 rats
163 creatures vanquished.

Notes
Turn   | Place    | Note
-------+----------+-------------------------------------------
     0 | D:1      | Nakatomy the Centaur Hunter began the quest for the Orb.
     0 | D:1      | Reached XP level 1. HP: 17/17 MP: 1/1
   621 | D:1      | Reached XP level 2. HP: 20/24 MP: 2/2
   676 | D:1      | Reached skill level 6 in Bows
  1180 | D:1      | Reached XP level 3. HP: 16/29 MP: 3/3
  2309 | D:2      | Found a sparkling altar of Nemelex Xobeh.
  2310 | D:2      | Found an opulent altar of Gozag.
  2398 | D:2      | Reached skill level 7 in Bows
  3291 | D:3      | Reached XP level 4. HP: 22/36 MP: 4/4
  4068 | D:3      | Found a faded altar of an unknown god.
  4118 | D:3      | Reached skill level 8 in Bows
  4493 | D:3      | Reached XP level 5. HP: 32/41 MP: 5/5
  4791 | D:3      | Noticed M4edhros's ghost (amateur OpNe)
  5330 | D:4      | Noticed an ogre
  5340 | D:4      | Killed an ogre
  5340 | D:4      | Reached skill level 1 in Polearms
  5340 | D:4      | Reached skill level 9 in Bows
  5340 | D:4      | Reached XP level 6. HP: 50/50 MP: 6/6
  5422 | D:4      | Found a basalt altar of Yredelemnul.
  6780 | D:4      | Reached XP level 7. HP: 33/57 MP: 7/7
  6932 | D:4      | Reached skill level 10 in Bows
  7171 | D:5      | Entered Level 5 of the Dungeon
  7267 | D:5      | Found a bloodstained altar of Trog.
  7274 | D:5      | Became a worshipper of Trog the Wrathful
  7953 | D:5      | Found an iron altar of Okawaru.
  8650 | D:6      | Found a sacrificial altar of Ru.
  8685 | D:6      | Found a hazy altar of Hepliaklqana.
  8685 | D:6      | Found a burning altar of Makhleb.
  8690 | D:6      | Found a radiant altar of Vehumet.
  8791 | D:6      | Reached skill level 11 in Bows
  8791 | D:6      | Reached XP level 8. HP: 52/66 MP: 8/8
  8890 | D:6      | Found a faded altar of an unknown god.
  8892 | D:6      | Found a white marble altar of Elyvilon.
  8937 | D:6      | Found a shimmering altar of Xom.
  9302 | D:6      | Found a staircase to the Ecumenical Temple.
  9862 | D:6      | Reached * piety under Trog
  9871 | D:6      | Noticed a two-headed ogre
  9959 | D:6      | Killed a two-headed ogre
  9959 | D:6      | Reached skill level 5 in Fighting
  9959 | D:6      | Reached skill level 12 in Bows
 10683 | D:6      | Got a warped mace
 10684 | D:6      | Identified the cursed +1 mace of Youthful Indiscretion {vamp, *Corrode rF- Int+8 Dex+6} (You found it on level 6 of the Dungeon)
 11174 | D:7      | Reached XP level 9. HP: 73/74 MP: 9/9
 11869 | D:7      | Reached skill level 5 in Polearms
 11869 | D:7      | Reached skill level 13 in Bows
 12762 | D:8      | Reached ** piety under Trog
 13243 | D:8      | Found a glowing golden altar of the Shining One.
 13357 | D:8      | Noticed Grum
 13449 | D:7      | HP: 1/117 [wolf[Grum] (6)]
 13450 | D:7      | Slain by a wolf

Skill      XL: |  1  2  3  4  5  6  7  8  9 |
---------------+----------------------------+-----
Bows           | 6 7 8 9 11 12 13 | 13.9
Polearms       | 1 2 3 4 5 |  5.8
Fighting       | 3 4 5 6 |  6.4
Dodging        | |  1.3
Stealth        | |  0.4

Action                   |  1- 3 |  4- 6 |  7- 9 || total
-------------------------+-------+-------+-------++-------
Melee: Short sword       |   164 |    72 |       ||   236
       Kick              |    30 |    40 |    99 ||   169
       Halberd           |       |    16 |       ||    16
       Trident           |       |    87 |   443 ||   530
 Fire: Shortbow          |    17 |    33 |   125 ||   175
Invok: Berserk           |       |       |     1 ||     1
  Use: Scroll            |       |       |    11 ||    11
       Potion            |       |       |     2 ||     2
  Eat: Chunk             |     6 |     8 |    17 ||    31
       Pizza             |       |     1 |       ||     1
       Fruit             |       |       |     2 ||     2
Armor: Leather armour    |    85 |    51 |   132 ||   268
       Skin              |       |       |     7 ||     7
Dodge: Dodged            |   103 |    78 |   164 ||   345
